Mulligans vs Mustangs
Created - June 4, 2017 at 19:08
Goals
|
Mulligans |
0 |
0 |
2 |
2 |
Mustangs |
0 |
5 |
1 |
6 |
|
Shots
|
Mulligans |
11 |
8 |
11 |
30 |
Mustangs |
13 |
17 |
9 |
39 |
|
1st period
No Goal
Penalties :
No Penalty
2nd period
1. Mustangs , Marcus Foligno 2 (Rick Schofield 6, Eric Gryba 4) at 0:50
2. Mustangs , Marcus Foligno 3 (Scott Mayfield 1) at 2:09
3. Mustangs , Riley Armstrong 2 (Eric Gryba 5, Ben Eager 4) at 2:38
4. Mustangs , Jim O'Brien 3 (Marcus Foligno 4) at 7:29
5. Mustangs , Riley Armstrong 3 (Eric Gryba 6, Ryan Keller 3) at 15:22
Penalties :
Denis Arkhipov (Rep) for Hooking (Minor) at 9:40, Jonathan Tremblay (Rep) for High sticking (Minor) at 18:35
3rd period
6. Mulligans , Chris Neil 4 (Maxime Macenauer 2) at 0:14 (SH)
7. Mustangs , Andrew Shaw 3 (Joshua Leivo 2, Riley Nash 2) at 2:29
8. Mulligans , Thomas Hickey 1 (Jonathan Tremblay 2) at 15:19 (PP)
Penalties :
Mark Pysyk (Ham) for Holding (Minor) at 4:05, Ryan Keller (Ham) for Hooking (Minor) at 10:18, Ben Eager (Ham) for Fighting (Major) at 14:31, Matt Niskanen (Rep) for Fighting (Major) at 14:31, Ben Eager (Ham) for instigated a fight (Minor) at 14:31, Ben Eager (Ham) for instigated a fight (10 Minutes Misconduct) at 14:31, Eric Tangradi (Rep) for Slashing (Minor) at 19:17
Goalie Stats
Anders Lindback (Rep), 33 saves from 39 shots - (0.846), L, 2-3-0, 60:00 minutes
Chet Pickard (Ham), 28 saves from 30 shots - (0.933), W, 2-0-0, 60:00 minutes
Players Stats for Mulligans
Player Name G A P +/- PIM S H SB GA TA FO MP PP MP PK MP
------------------------------------------------------------------------------------
Anton Lander 0 0 0 -1 0 1 1 0 0 1 8/14 15:36 0:00 1:08
Chris Neil 1 0 1 -1 0 5 2 0 0 1 0/0 20:57 2:38 3:01
Denis Arkhipov 0 0 0 -2 2 2 3 0 0 1 2/5 14:59 2:08 0:15
Drayson Bowman 0 0 0 -2 0 1 0 1 0 1 2/3 17:48 2:38 0:00
Eric Tangradi 0 0 0 -1 2 0 1 1 1 0 0/0 16:12 2:08 0:20
Gord Baldwin 0 0 0 -1 0 0 0 2 0 0 0/0 23:10 0:38 2:34
Jan Hlavac 0 0 0 -2 0 2 0 0 0 0 0/1 14:13 0:00 1:19
Jonathan Tremblay 0 1 1 -1 2 2 3 0 0 0 0/2 15:47 2:08 0:00
Joonas Donskoi 0 0 0 -2 0 0 1 0 1 0 0/0 12:54 0:00 0:00
Logan Shaw 0 0 0 -1 0 0 1 0 0 1 0/0 8:50 0:00 0:00
Matt Beleskey 0 0 0 -1 0 1 0 0 0 0 0/0 8:50 0:00 0:00
Matt Donovan 0 0 0 0 0 0 0 2 0 0 0/0 1:28 0:00 0:00
Matt Niskanen 0 0 0 -4 5 1 0 2 1 0 0/0 20:08 1:29 1:50
Matt Taormina 0 0 0 -3 0 1 1 0 0 1 0/0 25:40 1:41 2:03
Maxime Macenauer 0 1 1 0 0 1 0 0 2 1 5/11 11:49 0:00 3:04
Michael Del Zotto 0 0 0 -2 0 3 4 2 2 0 0/0 23:01 3:05 0:19
Nick Bonino 0 0 0 -2 0 6 1 0 1 0 12/29 18:04 2:38 0:16
Thomas Hickey 1 0 1 0 0 4 1 1 2 1 0/0 25:53 2:39 2:34
Players Stats for Mustangs
Player Name G A P +/- PIM S H SB GA TA FO MP PP MP PK MP
------------------------------------------------------------------------------------
Alexei Marchenko 0 0 0 2 0 0 1 1 0 1 0/0 12:13 0:00 0:00
Andrew Shaw 1 0 1 1 0 3 1 0 1 0 0/0 8:02 0:00 0:00
Ben Eager 0 1 1 1 17 1 0 1 0 0 1/1 19:44 2:11 1:31
Cameron Gaunce 0 0 0 2 0 2 3 2 0 0 0/0 28:25 2:50 3:11
Denis Bodrov 0 0 0 1 0 0 3 1 1 0 0/0 19:22 1:50 1:35
Eric Gryba 0 3 3 2 0 2 3 3 0 3 0/0 28:25 2:50 3:11
Eric Wellwood 0 0 0 0 0 3 1 0 2 0 1/1 17:33 1:48 1:11
J.T. Wyman 0 0 0 0 0 1 0 1 2 1 1/1 16:18 1:48 0:00
Jim O'Brien 1 0 1 3 0 1 2 0 0 0 2/5 12:17 0:00 1:38
Josh Jooris 0 0 0 3 0 1 1 0 1 0 0/0 11:05 0:05 0:00
Joshua Leivo 0 1 1 1 0 1 0 0 0 0 0/0 8:02 0:00 0:00
Marcus Foligno 2 1 3 3 0 3 3 0 0 0 0/0 12:27 0:47 0:06
Mark Pysyk 0 0 0 1 2 1 0 1 0 3 0/0 18:31 1:50 0:41
Rick Schofield 0 1 1 0 0 8 1 1 0 1 9/13 17:12 1:48 0:47
Riley Armstrong 2 0 2 1 0 5 1 0 0 1 19/40 22:39 2:46 2:37
Riley Nash 0 1 1 1 0 0 0 0 1 0 2/2 8:02 0:00 0:00
Ryan Keller 0 1 1 1 2 7 0 2 0 0 1/2 21:47 2:47 1:42
Scott Mayfield 0 1 1 2 0 0 0 3 0 0 0/0 13:07 0:00 0:54
3 Stars
1 - Marcus Foligno (Ham)
2 - Eric Gryba (Ham)
3 - Riley Armstrong (Ham)
Power Play
Mulligans - 1 on 3 Attempt(s) - 33.33%
Mustangs - 0 on 3 Attempt(s) - 0.00%
Penalty Kill
Mulligans - 3 on 3 Attempt(s) - 100.00%
- Score 1 goal in Penalty Kill
Mustangs - 2 on 3 Attempt(s) - 66.67%
- Score 0 goal in Penalty Kill
Team Stat
Mulligans - Hits : 19 - Faceoff Wins : 29 - Blocked Shots : 11 - Penalty Minutes : 11
Mustangs - Hits : 20 - Faceoff Wins : 36 - Blocked Shots : 16 - Penalty Minutes : 21
Official
Referees : Morton Dean and Walsh Ian
Linesman : Thor Nelson and Brian Mach
Game Notes
Matt Donovan is injured at 3:00 of 1st period (Right Knee)
Ben Eager and Matt Niskanen fight to a draw at 14:31 of 3rd period
Finance
Level 1 -- Attendance: 1774 (88.70%) -- Ticket Income $70,960
Level 2 -- Attendance: 854 (85.40%) -- Ticket Income $17,080
Total Attendance: 2628 (87.60%)
Total Ticket Income: $88,040
Other Income: $4,402
Total Income: $92,442
Mulligans
5 vs 5 Forward
Center Left Wing Right Wing Time % Phy DF OF
1 Nick Bonino Drayson Bowman Chris Neil 32 1 1 3
2 Anton Lander Eric Tangradi Jonathan Tremblay 28 1 2 2
3 Denis Arkhipov Jan Hlavac Joonas Donskoi 24 1 2 2
4 Maxime Macenauer Matt Beleskey Logan Shaw 16 1 2 2
5 vs 5 Defense
Defense Defense Time % Phy DF OF
1 Matt Taormina Matt Niskanen 35 1 2 2
2 Michael Del Zotto Matt Donovan 35 1 2 2
3 Gord Baldwin Thomas Hickey 30 1 2 2
4 Matt Taormina Michael Del Zotto 0 1 3 1
PowerPlay Forward
Center Left Wing Right Wing Time % Phy DF OF
1 Nick Bonino Drayson Bowman Chris Neil 60 0 1 4
2 Denis Arkhipov Eric Tangradi Jonathan Tremblay 40 0 1 4
PowerPlay Defense
Defense Defense Time % Phy DF OF
1 Matt Donovan Michael Del Zotto 55 0 2 3
2 Matt Taormina Matt Niskanen 45 0 2 3
Penalty Kill 4 Players Forward
Center Wing Time % Phy DF OF
1 Maxime Macenauer Chris Neil 60 0 4 1
2 Anton Lander Jan Hlavac 40 0 4 1
Penalty Kill 4 Players Defense
Defense Defense Time % Phy DF OF
1 Thomas Hickey Gord Baldwin 60 1 4 0
2 Matt Taormina Matt Niskanen 40 1 4 0
Penalty Kill - 3 Players Forward
Forward Time % Phy DF OF
1 Maxime Macenauer 60 1 4 0
2 Jan Hlavac 40 1 4 0
Penalty Kill - 3 Players Defense
Defense Defense Time % Phy DF OF
1 Thomas Hickey Gord Baldwin 60 1 4 0
2 Matt Niskanen Matt Taormina 40 1 4 0
4 vs 4 Forward
Center Wing Time % Phy DF OF
1 Nick Bonino Drayson Bowman 60 0 2 3
2 Anton Lander Jan Hlavac 40 1 2 2
4 vs 4 Defense
Defense Defense Time % Phy DF OF
1 Matt Taormina Matt Niskanen 60 1 2 2
2 Michael Del Zotto Matt Donovan 40 1 2 2
Last Minutes Offensive
Center Left Wing Right Wing Defense Defense
Nick Bonino Drayson Bowman Chris Neil Matt Taormina Michael Del Zotto
Last Minutes Defensive
Center Left Wing Right Wing Defense Defense
Anton Lander Jan Hlavac Chris Neil Matt Niskanen Matt Taormina
Goaltenders
Starting : Anders Lindback
Backup : Calvin Pickard
Extra Forwards
Normal : Matt Beleskey, Maxime Macenauer, Eric Tangradi - PP : Jan Hlavac, Matt Beleskey - PK : Denis Arkhipov
Extra Defensemen
Normal : Thomas Hickey, Gord Baldwin, Matt Taormina - PP : Thomas Hickey - PK : Matt Donovan, Michael Del Zotto
Penalty Shots
Jan Hlavac, Denis Arkhipov, Chris Neil, Maxime Macenauer, Nick Bonino
Scratches
Sven Baertschi (Healthy), Reid Boucher (Healthy), Michael Chaput (Healthy), Tim Schaller (Healthy), Nick Shore (Healthy)
Oliver Lauridsen (Healthy), Justin Shugg (Healthy), Darren Dietz (Healthy), Mario Lucia (Healthy), Adam Lowry (Healthy)
Austin Madaisky (Healthy), Cade Fairchild (Healthy), Cody Goloubef (Healthy), Matt Bartkowski (Healthy), Igor Bobkov (Healthy)
Mustangs
5 vs 5 Forward
Center Left Wing Right Wing Time % Phy DF OF
1 Riley Armstrong Ben Eager Ryan Keller 40 1 2 2
2 Rick Schofield Eric Wellwood J.T. Wyman 30 1 2 2
3 Jim O'Brien Marcus Foligno Josh Jooris 20 1 2 2
4 Riley Nash Joshua Leivo Andrew Shaw 10 1 2 2
5 vs 5 Defense
Defense Defense Time % Phy DF OF
1 Eric Gryba Cameron Gaunce 40 1 2 2
2 Denis Bodrov Mark Pysyk 30 1 2 2
3 Alexei Marchenko Scott Mayfield 20 1 2 2
4 Eric Gryba Cameron Gaunce 10 1 2 2
PowerPlay Forward
Center Left Wing Right Wing Time % Phy DF OF
1 Riley Armstrong Ben Eager Ryan Keller 60 1 2 2
2 Rick Schofield Eric Wellwood J.T. Wyman 40 1 2 2
PowerPlay Defense
Defense Defense Time % Phy DF OF
1 Eric Gryba Cameron Gaunce 60 1 2 2
2 Denis Bodrov Mark Pysyk 40 1 2 2
Penalty Kill 4 Players Forward
Center Wing Time % Phy DF OF
1 Riley Armstrong Ryan Keller 60 1 2 2
2 Ben Eager Eric Wellwood 40 1 2 2
Penalty Kill 4 Players Defense
Defense Defense Time % Phy DF OF
1 Eric Gryba Cameron Gaunce 60 1 2 2
2 Denis Bodrov Mark Pysyk 40 1 2 2
Penalty Kill - 3 Players Forward
Forward Time % Phy DF OF
1 Riley Armstrong 60 1 2 2
2 Ryan Keller 40 1 2 2
Penalty Kill - 3 Players Defense
Defense Defense Time % Phy DF OF
1 Eric Gryba Cameron Gaunce 60 1 2 2
2 Denis Bodrov Mark Pysyk 40 1 2 2
4 vs 4 Forward
Center Wing Time % Phy DF OF
1 Riley Armstrong Ryan Keller 60 1 2 2
2 Ben Eager Eric Wellwood 40 1 2 2
4 vs 4 Defense
Defense Defense Time % Phy DF OF
1 Eric Gryba Cameron Gaunce 60 1 2 2
2 Denis Bodrov Mark Pysyk 40 1 2 2
Last Minutes Offensive
Center Left Wing Right Wing Defense Defense
Riley Armstrong Ben Eager Ryan Keller Eric Gryba Cameron Gaunce
Last Minutes Defensive
Center Left Wing Right Wing Defense Defense
Riley Armstrong Ben Eager Ryan Keller Eric Gryba Cameron Gaunce
Goaltenders
Starting : Chet Pickard
Backup : Peter Mannino
Extra Forwards
Normal : Marcus Foligno, Josh Jooris, Jim O'Brien - PP : Marcus Foligno, Josh Jooris - PK : Jim O'Brien
Extra Defensemen
Normal : Alexei Marchenko, Scott Mayfield, Denis Bodrov - PP : Alexei Marchenko - PK : Scott Mayfield, Denis Bodrov
Penalty Shots
Riley Armstrong, Ryan Keller, Ben Eager, Eric Wellwood, J.T. Wyman
Scratches
Roman Horak (Healthy), Jerome Samson (Healthy), Dominik Uher (Healthy), Joe Finley (Healthy), Eric Knodel (Healthy)
Curtis Hamilton (Healthy), Danny Biega (Healthy), Francis Paré (Healthy), Justin Peters (Healthy), Joacim Eriksson (Healthy)
% Time on Ice - Mulligans
Lines # - Real PCT - Wanted PCT - Time Play
Normal Forward
1 - 30% - 32% - 15:18
2 - 27% - 28% - 13:32
3 - 26% - 24% - 12:54
4 - 17% - 16% - 8:50
Normal Defense
1 - 35% - 35% - 17:57
2 - 38% - 35% - 19:11
3 - 25% - 30% - 12:39
4 - 2% - 0% - 0:47
PP Forward
1 - 55% - 60% - 2:38
2 - 45% - 40% - 2:08
PP Defense
1 - 65% - 55% - 3:05
2 - 35% - 45% - 1:41
PK Forward
1 - 88% - 60% - 4:05
2 - 13% - 40% - 0:35
PK Defense
1 - 56% - 60% - 2:37
2 - 44% - 40% - 2:03
PK3 Forward
1 - 0% - 60%
2 - 0% - 40%
PK3 Defense
1 - 0% - 60%
2 - 0% - 40%
44 Forward
1 - 0% - 60%
2 - 0% - 40%
44 Defense
1 - 0% - 60%
2 - 0% - 40%
Last Minute Offensive - 0:00
Last Minute Defensive - 0:00
Total
Forward - 60:00
Defense - 60:00
|
% Time on Ice - Mustangs
Lines # - Real PCT - Wanted PCT - Time Play
Normal Forward
1 - 34% - 40% - 17:23
2 - 29% - 30% - 14:30
3 - 21% - 20% - 10:39
4 - 16% - 10% - 8:02
Normal Defense
1 - 39% - 40% - 19:35
2 - 32% - 30% - 15:57
3 - 24% - 20% - 12:13
4 - 6% - 10% - 2:49
PP Forward
1 - 61% - 60% - 2:52
2 - 39% - 40% - 1:48
PP Defense
1 - 61% - 60% - 2:50
2 - 39% - 40% - 1:50
PK Forward
1 - 96% - 60% - 4:34
2 - 4% - 40% - 0:12
PK Defense
1 - 67% - 60% - 3:11
2 - 33% - 40% - 1:35
PK3 Forward
1 - 0% - 60%
2 - 0% - 40%
PK3 Defense
1 - 0% - 60%
2 - 0% - 40%
44 Forward
1 - 0% - 60%
2 - 0% - 40%
44 Defense
1 - 0% - 60%
2 - 0% - 40%
Last Minute Offensive - 0:00
Last Minute Defensive - 0:00
Total
Forward - 60:00
Defense - 60:00
|
Play by Play
1st period
0:01 of 1st period - Nick Bonino wins face-off versus Ryan Keller in neutral zone.
0:12 of 1st period - Snap shot by Chris Neil.
0:12 of 1st period - Shot Misses the Net.
0:26 of 1st period - Eric Wellwood is hit by Jonathan Tremblay and loses puck.
1:18 of 1st period - Slapshot by Riley Armstrong.
1:18 of 1st period - Shot Misses the Net.
1:20 of 1st period - Wrist shot by Ryan Keller.
1:20 of 1st period - Stopped by Anders Lindback without a rebound.
1:21 of 1st period - Rick Schofield wins face-off versus Nick Bonino in Mulligans zone.
1:46 of 1st period - Ben Eager is hit by Joonas Donskoi and loses puck.
2:23 of 1st period - Snap shot by Riley Armstrong.
2:23 of 1st period - Stopped by Anders Lindback with a rebound.
2:42 of 1st period - Wrist shot by Riley Armstrong.
2:42 of 1st period - Shot Blocked by Matt Donovan.
2:58 of 1st period - Wrist shot by Riley Armstrong.
2:58 of 1st period - Shot Blocked by Michael Del Zotto.
3:00 of 1st period - Slapshot by Mark Pysyk.
3:00 of 1st period - Shot Blocked by Matt Donovan.
3:00 of 1st period - Matt Donovan from Mulligans is injured at 3:00 of 1st period (Right Knee).
3:01 of 1st period - Anton Lander wins face-off versus Jim O'Brien in Mulligans zone.
3:12 of 1st period - Snap shot by Jonathan Tremblay.
3:12 of 1st period - Shot Blocked by Eric Gryba.
4:06 of 1st period - Cameron Gaunce is hit by Michael Del Zotto and loses puck.
4:25 of 1st period - Slapshot by Eric Gryba.
4:25 of 1st period - Stopped by Anders Lindback without a rebound.
4:26 of 1st period - Rick Schofield wins face-off versus Nick Bonino in Mulligans zone.
5:16 of 1st period - Backhand shot by Matt Taormina.
5:16 of 1st period - Stopped by Chet Pickard with a rebound.
5:18 of 1st period - Snap shot by Matt Niskanen.
5:18 of 1st period - Shot Misses the Net.
5:20 of 1st period - Slapshot by Matt Niskanen.
5:20 of 1st period - Deflect By Logan Shaw.
5:20 of 1st period - Shot Blocked by Alexei Marchenko.
5:20 of 1st period - Puck is out of play.
5:21 of 1st period - Nick Bonino wins face-off versus Rick Schofield in Mustangs zone.
5:37 of 1st period - Wrist shot by Rick Schofield.
5:37 of 1st period - Stopped by Anders Lindback with a rebound.
5:51 of 1st period - Snap shot by Ryan Keller.
5:51 of 1st period - Stopped by Anders Lindback with a rebound.
6:15 of 1st period - Slapshot by Denis Arkhipov.
6:15 of 1st period - Deflect By Joonas Donskoi.
6:15 of 1st period - Shot Misses the Net.
6:15 of 1st period - Puck is out of play.
6:16 of 1st period - J.T. Wyman wins face-off versus Denis Arkhipov in Mustangs zone.
6:45 of 1st period - Michael Del Zotto is hit by Riley Armstrong.
6:49 of 1st period - Snap shot by Riley Armstrong.
6:49 of 1st period - Shot Misses the Net.
6:51 of 1st period - Snap shot by Riley Armstrong.
6:51 of 1st period - Stopped by Anders Lindback with a rebound.
7:29 of 1st period - Wrist shot by Drayson Bowman.
7:29 of 1st period - Deflect By Nick Bonino.
7:29 of 1st period - Shot Blocked by Mark Pysyk.
7:29 of 1st period - Puck is out of play.
7:30 of 1st period - Nick Bonino wins face-off versus Rick Schofield in Mustangs zone.
8:12 of 1st period - Slapshot by Thomas Hickey.
8:12 of 1st period - Shot Blocked by Ben Eager.
8:32 of 1st period - Slapshot by Jim O'Brien.
8:32 of 1st period - Shot Blocked by Gord Baldwin.
9:21 of 1st period - Off-side.
9:22 of 1st period - Denis Arkhipov wins face-off versus Riley Armstrong in neutral zone.
9:27 of 1st period - Slapshot by Denis Arkhipov.
9:27 of 1st period - Stopped by Chet Pickard with a rebound.
10:17 of 1st period - Eric Wellwood is hit by Chris Neil and loses puck.
10:30 of 1st period - Snap shot by Marcus Foligno.
10:30 of 1st period - Stopped by Anders Lindback without a rebound.
10:31 of 1st period - Jim O'Brien wins face-off versus Maxime Macenauer in Mulligans zone.
10:40 of 1st period - Cameron Gaunce is hit by Michael Del Zotto and loses puck.
10:44 of 1st period - Icing by Marcus Foligno.
10:45 of 1st period - Drayson Bowman wins face-off versus Jim O'Brien in Mustangs zone.
10:46 of 1st period - Snap shot by Chris Neil.
10:46 of 1st period - Deflect By Nick Bonino.
10:46 of 1st period - Stopped by Chet Pickard without a rebound.
10:47 of 1st period - Riley Armstrong wins face-off versus Nick Bonino in Mustangs zone.
11:19 of 1st period - Wrist shot by Rick Schofield.
11:19 of 1st period - Shot Misses the Net.
11:21 of 1st period - Snap shot by Rick Schofield.
11:21 of 1st period - Stopped by Anders Lindback with a rebound.
11:23 of 1st period - Snap shot by Rick Schofield.
11:23 of 1st period - Stopped by Anders Lindback with a rebound.
11:46 of 1st period - Snap shot by Jan Hlavac.
11:46 of 1st period - Stopped by Chet Pickard without a rebound.
11:47 of 1st period - Riley Armstrong wins face-off versus Nick Bonino in Mustangs zone.
11:47 of 1st period - Riley Armstrong is hit by Thomas Hickey.
12:18 of 1st period - Snap shot by Rick Schofield.
12:18 of 1st period - Stopped by Anders Lindback with a rebound.
12:36 of 1st period - Matt Niskanen is hit by Marcus Foligno and loses puck.
13:08 of 1st period - Wrist shot by Joshua Leivo.
13:08 of 1st period - Stopped by Anders Lindback without a rebound.
13:09 of 1st period - Riley Armstrong wins face-off versus Nick Bonino in Mulligans zone.
13:16 of 1st period - Snap shot by Drayson Bowman.
13:16 of 1st period - Stopped by Chet Pickard without a rebound.
13:17 of 1st period - Riley Armstrong wins face-off versus Nick Bonino in Mustangs zone.
13:24 of 1st period - Snap shot by Chris Neil.
13:24 of 1st period - Stopped by Chet Pickard with a rebound.
13:26 of 1st period - Wrist shot by Chris Neil.
13:26 of 1st period - Stopped by Chet Pickard with a rebound.
16:12 of 1st period - Wrist shot by Andrew Shaw.
16:12 of 1st period - Stopped by Anders Lindback without a rebound.
16:13 of 1st period - Riley Armstrong wins face-off versus Nick Bonino in Mulligans zone.
16:24 of 1st period - Slapshot by Ryan Keller.
16:24 of 1st period - Stopped by Anders Lindback with a rebound.
17:00 of 1st period - Jim O'Brien is hit by Denis Arkhipov and loses puck.
17:23 of 1st period - Cameron Gaunce is hit by Logan Shaw and loses puck.
17:34 of 1st period - Icing by Matt Beleskey.
17:35 of 1st period - Maxime Macenauer wins face-off versus Riley Armstrong in Mulligans zone.
17:46 of 1st period - Wrist shot by Jonathan Tremblay.
17:46 of 1st period - Stopped by Chet Pickard without a rebound.
17:47 of 1st period - Nick Bonino wins face-off versus Riley Armstrong in Mustangs zone.
17:59 of 1st period - Off-side.
18:00 of 1st period - Anton Lander wins face-off versus Riley Armstrong in neutral zone.
18:52 of 1st period - Eric Wellwood is hit by Chris Neil and loses puck.
19:10 of 1st period - Mark Pysyk is hit by Michael Del Zotto.
19:38 of 1st period - Slapshot by Denis Arkhipov.
19:38 of 1st period - Shot Misses the Net.
19:40 of 1st period - Wrist shot by Jan Hlavac.
19:40 of 1st period - Deflect By Rick Schofield.
19:40 of 1st period - Stopped by Chet Pickard without a rebound.
19:41 of 1st period - Nick Bonino wins face-off versus Jim O'Brien in Mustangs zone.
19:44 of 1st period - Wrist shot by Chris Neil.
19:44 of 1st period - Stopped by Chet Pickard with a rebound.
19:46 of 1st period - Slapshot by Matt Taormina.
19:46 of 1st period - Shot Blocked by Scott Mayfield.
19:56 of 1st period - Snap shot by Nick Bonino.
19:56 of 1st period - Stopped by Chet Pickard without a rebound.
19:57 of 1st period - Riley Armstrong wins face-off versus Anton Lander in Mustangs zone.
Goals for this period are 0 for Mulligans vs 0 for Mustangs.
Shots for this period are 11 for Mulligans vs 13 for Mustangs.
2nd period
0:01 of 2nd period - Nick Bonino wins face-off versus Riley Armstrong in neutral zone.
0:14 of 2nd period - Snap shot by Chris Neil.
0:14 of 2nd period - Stopped by Chet Pickard with a rebound.
0:16 of 2nd period - Slapshot by Gord Baldwin.
0:16 of 2nd period - Shot Misses the Net.
0:32 of 2nd period - Wrist shot by Anton Lander.
0:32 of 2nd period - Shot Misses the Net.
0:48 of 2nd period - Snap shot by Marcus Foligno.
0:48 of 2nd period - Shot Misses the Net.
0:50 of 2nd period - Snap shot by Marcus Foligno.
0:50 of 2nd period - Goal by Marcus Foligno - Mulligans : 0 - Mustangs : 1.
0:51 of 2nd period - Riley Armstrong wins face-off versus Nick Bonino in neutral zone.
1:17 of 2nd period - Anton Lander is hit by Denis Bodrov and loses puck.
1:38 of 2nd period - Slapshot by Cameron Gaunce.
1:38 of 2nd period - Stopped by Anders Lindback with a rebound.
2:09 of 2nd period - Snap shot by Marcus Foligno.
2:09 of 2nd period - Goal by Marcus Foligno - Mulligans : 0 - Mustangs : 2.
2:10 of 2nd period - Drayson Bowman wins face-off versus Riley Armstrong in neutral zone.
2:22 of 2nd period - Ben Eager is hit by Michael Del Zotto and loses puck.
2:28 of 2nd period - Icing by Riley Armstrong.
2:29 of 2nd period - Ben Eager wins face-off versus Anton Lander in Mustangs zone.
2:36 of 2nd period - Wrist shot by Riley Armstrong.
2:36 of 2nd period - Shot Misses the Net.
2:38 of 2nd period - Slapshot by Riley Armstrong.
2:38 of 2nd period - Goal by Riley Armstrong - Mulligans : 0 - Mustangs : 3.
2:39 of 2nd period - Riley Armstrong wins face-off versus Anton Lander in neutral zone.
3:28 of 2nd period - Icing by Denis Arkhipov.
3:29 of 2nd period - Jim O'Brien wins face-off versus Jan Hlavac in Mulligans zone.
3:54 of 2nd period - Jan Hlavac is hit by Marcus Foligno and loses puck.
4:23 of 2nd period - Gord Baldwin is hit by Josh Jooris and loses puck.
4:33 of 2nd period - Off-side.
4:34 of 2nd period - Nick Bonino wins face-off versus Riley Armstrong in neutral zone.
4:48 of 2nd period - Icing by Ben Eager.
4:49 of 2nd period - Riley Armstrong wins face-off versus Anton Lander in Mustangs zone.
5:02 of 2nd period - Wrist shot by Ryan Keller.
5:02 of 2nd period - Stopped by Anders Lindback with a rebound.
5:04 of 2nd period - Snap shot by Eric Gryba.
5:04 of 2nd period - Stopped by Anders Lindback with a rebound.
5:06 of 2nd period - Snap shot by Ryan Keller.
5:06 of 2nd period - Shot Misses the Net.
5:08 of 2nd period - Wrist shot by Ryan Keller.
5:08 of 2nd period - Shot Blocked by Eric Tangradi.
5:10 of 2nd period - Slapshot by Ryan Keller.
5:10 of 2nd period - Stopped by Anders Lindback without a rebound.
5:11 of 2nd period - Rick Schofield wins face-off versus Nick Bonino in Mulligans zone.
5:24 of 2nd period - Mark Pysyk is hit by Nick Bonino and loses puck.
5:47 of 2nd period - Slapshot by Thomas Hickey.
5:47 of 2nd period - Stopped by Chet Pickard with a rebound.
5:49 of 2nd period - Wrist shot by Anton Lander.
5:49 of 2nd period - Shot Blocked by Rick Schofield.
6:09 of 2nd period - Snap shot by Ben Eager.
6:09 of 2nd period - Stopped by Anders Lindback without a rebound.
6:10 of 2nd period - Riley Armstrong wins face-off versus Nick Bonino in Mulligans zone.
6:13 of 2nd period - Snap shot by Ryan Keller.
6:13 of 2nd period - Deflect By Riley Armstrong.
6:13 of 2nd period - Shot Blocked by Matt Niskanen.
6:13 of 2nd period - Puck is out of play.
6:14 of 2nd period - Nick Bonino wins face-off versus Riley Armstrong in Mulligans zone.
7:10 of 2nd period - Snap shot by Rick Schofield.
7:10 of 2nd period - Shot Misses the Net.
7:22 of 2nd period - Jan Hlavac is hit by Jim O'Brien and loses puck.
7:29 of 2nd period - Snap shot by Jim O'Brien.
7:29 of 2nd period - Goal by Jim O'Brien - Mulligans : 0 - Mustangs : 4.
7:30 of 2nd period - Anton Lander wins face-off versus Riley Armstrong in neutral zone.
7:37 of 2nd period - Slapshot by Michael Del Zotto.
7:37 of 2nd period - Stopped by Chet Pickard without a rebound.
7:38 of 2nd period - Riley Armstrong wins face-off versus Jonathan Tremblay in Mustangs zone.
8:07 of 2nd period - Nick Bonino is hit by Cameron Gaunce and loses puck.
9:16 of 2nd period - Snap shot by Eric Tangradi.
9:16 of 2nd period - Shot Blocked by Denis Bodrov.
9:18 of 2nd period - Snap shot by Jonathan Tremblay.
9:18 of 2nd period - Stopped by Chet Pickard with a rebound.
9:40 of 2nd period - Minor Penalty to Denis Arkhipov for Hooking.
9:41 of 2nd period - Rick Schofield wins face-off versus Maxime Macenauer in Mulligans zone.
9:54 of 2nd period - Backhand shot by Eric Wellwood.
9:54 of 2nd period - Shot Blocked by Thomas Hickey.
9:56 of 2nd period - Slapshot by Eric Gryba.
9:56 of 2nd period - Shot Misses the Net.
11:40 of 2nd period - Penalty to Denis Arkhipov is over, Denis Arkhipov is back on ice.
12:45 of 2nd period - Slapshot by Michael Del Zotto.
12:45 of 2nd period - Shot Hit the Post.
12:47 of 2nd period - Slapshot by Matt Niskanen.
12:47 of 2nd period - Stopped by Chet Pickard without a rebound.
12:48 of 2nd period - Rick Schofield wins face-off versus Nick Bonino in Mustangs zone.
14:22 of 2nd period - Matt Niskanen is hit by Jim O'Brien and loses puck.
14:33 of 2nd period - Snap shot by Matt Beleskey.
14:33 of 2nd period - Deflect By Logan Shaw.
14:33 of 2nd period - Shot Misses the Net.
14:33 of 2nd period - Puck is out of play.
14:34 of 2nd period - Riley Armstrong wins face-off versus Maxime Macenauer in Mustangs zone.
15:10 of 2nd period - Snap shot by Riley Armstrong.
15:10 of 2nd period - Shot Blocked by Michael Del Zotto.
15:20 of 2nd period - Snap shot by Ryan Keller.
15:20 of 2nd period - Shot Blocked by Drayson Bowman.
15:22 of 2nd period - Snap shot by Eric Gryba.
15:22 of 2nd period - Deflect By Riley Armstrong.
15:22 of 2nd period - Goal by Riley Armstrong - Mulligans : 0 - Mustangs : 5.
15:23 of 2nd period - Anton Lander wins face-off versus Rick Schofield in neutral zone.
16:23 of 2nd period - Wrist shot by Matt Beleskey.
16:23 of 2nd period - Stopped by Chet Pickard without a rebound.
16:24 of 2nd period - Anton Lander wins face-off versus Riley Armstrong in Mustangs zone.
16:55 of 2nd period - Slapshot by Eric Wellwood.
16:55 of 2nd period - Deflect By Rick Schofield.
16:55 of 2nd period - Shot Misses the Net.
16:55 of 2nd period - Puck is out of play.
16:56 of 2nd period - Rick Schofield wins face-off versus Nick Bonino in Mulligans zone.
17:17 of 2nd period - Wrist shot by Rick Schofield.
17:17 of 2nd period - Shot Blocked by Matt Niskanen.
17:19 of 2nd period - Snap shot by J.T. Wyman.
17:19 of 2nd period - Stopped by Anders Lindback with a rebound.
17:21 of 2nd period - Slapshot by Eric Gryba.
17:21 of 2nd period - Deflect By Eric Wellwood.
17:21 of 2nd period - Stopped by Anders Lindback with a rebound.
17:23 of 2nd period - Wrist shot by J.T. Wyman.
17:23 of 2nd period - Shot Misses the Net.
17:25 of 2nd period - Slapshot by Cameron Gaunce.
17:25 of 2nd period - Stopped by Anders Lindback with a rebound.
17:29 of 2nd period - Wrist shot by Rick Schofield.
17:29 of 2nd period - Stopped by Anders Lindback with a rebound.
17:31 of 2nd period - Snap shot by Eric Wellwood.
17:31 of 2nd period - Stopped by Anders Lindback without a rebound.
17:32 of 2nd period - Riley Armstrong wins face-off versus Anton Lander in Mulligans zone.
17:35 of 2nd period - Slapshot by Ryan Keller.
17:35 of 2nd period - Stopped by Anders Lindback without a rebound.
17:36 of 2nd period - Anton Lander wins face-off versus Riley Armstrong in Mulligans zone.
17:47 of 2nd period - Ryan Keller is hit by Eric Tangradi and loses puck.
18:03 of 2nd period - Icing by Eric Gryba.
18:04 of 2nd period - Rick Schofield wins face-off versus Denis Arkhipov in Mustangs zone.
18:04 of 2nd period - Rick Schofield is hit by Denis Arkhipov.
18:18 of 2nd period - Slapshot by Michael Del Zotto.
18:18 of 2nd period - Stopped by Chet Pickard with a rebound.
18:20 of 2nd period - Snap shot by Joonas Donskoi.
18:20 of 2nd period - Shot Blocked by Eric Gryba.
18:22 of 2nd period - Wrist shot by Denis Arkhipov.
18:22 of 2nd period - Shot Misses the Net.
18:24 of 2nd period - Wrist shot by Denis Arkhipov.
18:24 of 2nd period - Stopped by Chet Pickard without a rebound.
18:25 of 2nd period - Riley Armstrong wins face-off versus Anton Lander in Mustangs zone.
18:25 of 2nd period - Riley Armstrong is hit by Jonathan Tremblay.
18:32 of 2nd period - Snap shot by Riley Armstrong.
18:32 of 2nd period - Stopped by Anders Lindback without a rebound.
18:33 of 2nd period - Anton Lander wins face-off versus Riley Armstrong in Mulligans zone.
18:35 of 2nd period - Minor Penalty to Jonathan Tremblay for High sticking.
18:36 of 2nd period - Maxime Macenauer wins face-off versus Riley Armstrong in Mulligans zone.
19:09 of 2nd period - Maxime Macenauer is hit by Rick Schofield and loses puck.
Goals for this period are 0 for Mulligans vs 5 for Mustangs.
Shots for this period are 8 for Mulligans vs 17 for Mustangs.
3rd period
0:01 of 3rd period - Maxime Macenauer wins face-off versus Riley Armstrong in neutral zone.
0:14 of 3rd period - Snap shot by Chris Neil.
0:14 of 3rd period - Goal by Chris Neil - Mulligans : 1 - Mustangs : 5.
0:15 of 3rd period - Riley Armstrong wins face-off versus Maxime Macenauer in neutral zone.
0:20 of 3rd period - Wrist shot by Ryan Keller.
0:20 of 3rd period - Stopped by Anders Lindback without a rebound.
0:21 of 3rd period - Maxime Macenauer wins face-off versus Riley Armstrong in Mulligans zone.
0:35 of 3rd period - Penalty to Jonathan Tremblay is over, Jonathan Tremblay is back on ice.
0:58 of 3rd period - Snap shot by Jan Hlavac.
0:58 of 3rd period - Shot Blocked by J.T. Wyman.
1:35 of 3rd period - Snap shot by Rick Schofield.
1:35 of 3rd period - Deflect By J.T. Wyman.
1:35 of 3rd period - Shot Blocked by Gord Baldwin.
1:35 of 3rd period - Puck is out of play.
1:36 of 3rd period - Anton Lander wins face-off versus Riley Armstrong in Mulligans zone.
1:36 of 3rd period - Anton Lander is hit by Denis Bodrov.
2:29 of 3rd period - Wrist shot by Andrew Shaw.
2:29 of 3rd period - Goal by Andrew Shaw - Mulligans : 1 - Mustangs : 6.
2:30 of 3rd period - Riley Armstrong wins face-off versus Jonathan Tremblay in neutral zone.
2:57 of 3rd period - Chris Neil is hit by Eric Wellwood and loses puck.
3:16 of 3rd period - Michael Del Zotto is hit by Cameron Gaunce and loses puck.
3:34 of 3rd period - Icing by Denis Arkhipov.
3:35 of 3rd period - Riley Nash wins face-off versus Maxime Macenauer in Mulligans zone.
4:05 of 3rd period - Minor Penalty to Mark Pysyk for Holding.
4:06 of 3rd period - Ryan Keller wins face-off versus Nick Bonino in Mustangs zone.
4:38 of 3rd period - Slapshot by Eric Tangradi.
4:38 of 3rd period - Shot Blocked by Ryan Keller.
5:54 of 3rd period - Icing by Nick Bonino.
5:55 of 3rd period - Eric Wellwood wins face-off versus Denis Arkhipov in Mulligans zone.
5:56 of 3rd period - Slapshot by Rick Schofield.
5:56 of 3rd period - Shot Misses the Net.
5:58 of 3rd period - Wrist shot by Rick Schofield.
5:58 of 3rd period - Stopped by Anders Lindback without a rebound.
5:59 of 3rd period - Denis Arkhipov wins face-off versus Rick Schofield in Mulligans zone.
6:05 of 3rd period - Penalty to Mark Pysyk is over, Mark Pysyk is back on ice.
6:16 of 3rd period - Snap shot by Maxime Macenauer.
6:16 of 3rd period - Stopped by Chet Pickard with a rebound.
6:26 of 3rd period - Matt Taormina is hit by Eric Gryba and loses puck.
6:45 of 3rd period - Wrist shot by Nick Bonino.
6:45 of 3rd period - Stopped by Chet Pickard with a rebound.
7:06 of 3rd period - Denis Arkhipov is hit by Eric Gryba and loses puck.
7:44 of 3rd period - Wrist shot by Eric Wellwood.
7:44 of 3rd period - Stopped by Anders Lindback without a rebound.
7:45 of 3rd period - Rick Schofield wins face-off versus Nick Bonino in Mulligans zone.
7:48 of 3rd period - Snap shot by Rick Schofield.
7:48 of 3rd period - Stopped by Anders Lindback with a rebound.
8:39 of 3rd period - Snap shot by Riley Armstrong.
8:39 of 3rd period - Shot Misses the Net.
9:15 of 3rd period - Drayson Bowman is hit by Andrew Shaw and loses puck.
9:50 of 3rd period - Alexei Marchenko is hit by Denis Arkhipov and loses puck.
10:01 of 3rd period - Snap shot by Anton Lander.
10:01 of 3rd period - Shot Blocked by Scott Mayfield.
10:18 of 3rd period - Minor Penalty to Ryan Keller for Hooking.
10:19 of 3rd period - Riley Armstrong wins face-off versus Nick Bonino in Mustangs zone.
10:34 of 3rd period - Wrist shot by Nick Bonino.
10:34 of 3rd period - Stopped by Chet Pickard with a rebound.
12:18 of 3rd period - Penalty to Ryan Keller is over, Ryan Keller is back on ice.
13:26 of 3rd period - Off-side.
13:27 of 3rd period - Riley Nash wins face-off versus Nick Bonino in neutral zone.
14:09 of 3rd period - Gord Baldwin is hit by Alexei Marchenko and loses puck.
14:18 of 3rd period - Snap shot by Josh Jooris.
14:18 of 3rd period - Stopped by Anders Lindback without a rebound.
14:19 of 3rd period - Nick Bonino wins face-off versus Riley Armstrong in Mulligans zone.
14:31 of 3rd period - Ben Eager and Matt Niskanen fight to a draw.
14:31 of 3rd period - Penalty to Ben Eager for Fighting.
14:31 of 3rd period - Penalty to Matt Niskanen for Fighting.
14:31 of 3rd period - Penalty to Ben Eager for instigated a fight.
14:31 of 3rd period - Penalty to Ben Eager for instigated a fight.
14:32 of 3rd period - Nick Bonino wins face-off versus Riley Armstrong in Mustangs zone.
14:35 of 3rd period - Wrist shot by Chris Neil.
14:35 of 3rd period - Shot Blocked by Cameron Gaunce.
14:37 of 3rd period - Wrist shot by Chris Neil.
14:37 of 3rd period - Shot Blocked by Ryan Keller.
14:41 of 3rd period - Slapshot by Nick Bonino.
14:41 of 3rd period - Stopped by Chet Pickard with a rebound.
14:43 of 3rd period - Snap shot by Chris Neil.
14:43 of 3rd period - Deflect By Drayson Bowman.
14:43 of 3rd period - Shot Misses the Net.
14:43 of 3rd period - Puck is out of play.
14:44 of 3rd period - Nick Bonino wins face-off versus Riley Armstrong in Mustangs zone.
14:45 of 3rd period - Slapshot by Michael Del Zotto.
14:45 of 3rd period - Shot Blocked by Cameron Gaunce.
14:47 of 3rd period - Slapshot by Thomas Hickey.
14:47 of 3rd period - Stopped by Chet Pickard without a rebound.
14:48 of 3rd period - Riley Armstrong wins face-off versus Nick Bonino in Mustangs zone.
14:59 of 3rd period - Slapshot by Michael Del Zotto.
14:59 of 3rd period - Deflect By Nick Bonino.
14:59 of 3rd period - Deflect By Cameron Gaunce.
14:59 of 3rd period - Stopped by Chet Pickard with a rebound.
15:01 of 3rd period - Snap shot by Nick Bonino.
15:01 of 3rd period - Shot Misses the Net.
15:03 of 3rd period - Slapshot by Thomas Hickey.
15:03 of 3rd period - Shot Misses the Net.
15:15 of 3rd period - Snap shot by Jonathan Tremblay.
15:15 of 3rd period - Shot Blocked by Eric Gryba.
15:17 of 3rd period - Snap shot by Thomas Hickey.
15:17 of 3rd period - Stopped by Chet Pickard with a rebound.
15:19 of 3rd period - Slapshot by Thomas Hickey.
15:19 of 3rd period - Goal by Thomas Hickey - Mulligans : 2 - Mustangs : 6.
15:20 of 3rd period - Rick Schofield wins face-off versus Drayson Bowman in neutral zone.
16:00 of 3rd period - Snap shot by Anton Lander.
16:00 of 3rd period - Stopped by Chet Pickard with a rebound.
16:12 of 3rd period - Matt Taormina is hit by Denis Bodrov and loses puck.
16:33 of 3rd period - Alexei Marchenko is hit by Matt Taormina and loses puck.
17:18 of 3rd period - Ryan Keller is hit by Anton Lander.
17:22 of 3rd period - Cameron Gaunce is hit by Jonathan Tremblay and loses puck.
17:47 of 3rd period - Thomas Hickey is hit by Eric Gryba and loses puck.
18:22 of 3rd period - Snap shot by Joonas Donskoi.
18:22 of 3rd period - Shot Blocked by Scott Mayfield.
18:32 of 3rd period - Snap shot by Rick Schofield.
18:32 of 3rd period - Stopped by Anders Lindback without a rebound.
18:33 of 3rd period - Nick Bonino wins face-off versus Riley Armstrong in Mulligans zone.
18:42 of 3rd period - Backhand shot by Michael Del Zotto.
18:42 of 3rd period - Stopped by Chet Pickard with a rebound.
18:58 of 3rd period - Matt Taormina is hit by Cameron Gaunce and loses puck.
19:05 of 3rd period - Wrist shot by Andrew Shaw.
19:05 of 3rd period - Stopped by Anders Lindback with a rebound.
19:11 of 3rd period - Snap shot by Andrew Shaw.
19:11 of 3rd period - Shot Misses the Net.
19:17 of 3rd period - Minor Penalty to Eric Tangradi for Slashing.
19:18 of 3rd period - Riley Armstrong wins face-off versus Maxime Macenauer in Mulligans zone.
19:29 of 3rd period - Wrist shot by Ryan Keller.
19:29 of 3rd period - Shot Misses the Net.
19:31 of 3rd period - Penalty to Matt Niskanen is over, Matt Niskanen is back on ice.
19:31 of 3rd period - Slapshot by Riley Armstrong.
19:31 of 3rd period - Shot Misses the Net.
19:33 of 3rd period - Snap shot by Mark Pysyk.
19:33 of 3rd period - Stopped by Anders Lindback without a rebound.
19:34 of 3rd period - Maxime Macenauer wins face-off versus Riley Armstrong in Mulligans zone.
19:45 of 3rd period - Maxime Macenauer is hit by Marcus Foligno and loses puck.
Goals for this period are 2 for Mulligans vs 1 for Mustangs.
Shots for this period are 11 for Mulligans vs 9 for Mustangs.
Back to the Top